APP
PHILADELPHIA (APP) PHILLIES @ OGDEN RAPTORS
08/13/2044
 
TOP OF THE 1ST
Philadelphia (APP) Phillies batting - Pitching for Ogden Raptors : RHP Ian Wilson
Pitching: RHP Ian Wilson
Batting: LHB Matt Urbanek 0-0: Called Strike
0-1: SINGLE (Line Drive, 8RS, EV 91.2 MPH)
Batting: RHB Mark Schultz 0-0: Ball
1-0: Fielders Choice at 2nd, 4-6 (Groundball, 4, EV 105.0 MPH)
Batting: RHB Kyle Reilly 0-0: Ball
1-0: Foul Ball, location: 2F
1-1: Ball
2-1: Foul Ball, location: 2F
2-2: Ball
3-2: Foul Ball, location: 2F
3-2: DOUBLE (Flyball, 8LXD, EV 103.1 MPH)
Mark Schultz to third
Mark Schultz scores
Batting: RHB Carlos Morejon 0-0: Foul Ball, location: 2F
0-1: Ball
1-1: Foul Ball, location: 2F
1-2: SINGLE (Groundball, 6MD, EV 107.5 MPH)
Kyle Reilly to third
Batting: RHB Seung-mun Kim 0-0: Ball
1-0: Fly out, F9 (Flyball, 8RS, EV 88.8 MPH)
Batting: RHB Vaclav Been 0-0: Foul Ball, location: 2F
0-1: Ball
1-1: Swinging Strike
1-2: Strikes out swinging
Top of the 1st over - 1 run, 3 hits, 0 errors, 2 left on base; Philadelphia (APP) 1 - Ogden 0
BOTTOM OF THE 1ST
Ogden Raptors batting - Pitching for Philadelphia (APP) Phillies : RHP Manny Cordova
Pitching: RHP Manny Cordova
Batting: SHB Darius Vinson 0-0: Ball
1-0: Foul Ball, location: 2F
1-1: Called Strike
1-2: Ball
2-2: Fly out, F4 (Popup, 34D, EV 64.4 MPH)
Batting: LHB Santiago Chavira 0-0: Called Strike
0-1: SINGLE (Flyball, 8LS, EV 93.1 MPH)
Batting: LHB Mike Dickinson 0-0: Ball
Santiago Chavira steals 2nd base
1-0: Swinging Strike
1-1: Foul Ball, location: 2F
1-2: Ball
2-2: Foul Ball, location: 2F
2-2: Strikes out looking
Batting: LHB Mitchell Casey 0-0: Ball
1-0: Called Strike
1-1: Fly out, F9 (Line Drive, 9D, EV 110.0 MPH)
Bottom of the 1st over - 0 runs, 1 hit, 0 errors, 1 left on base; Philadelphia (APP) 1 - Ogden 0
TOP OF THE 2ND
Philadelphia (APP) Phillies batting - Pitching for Ogden Raptors : RHP Ian Wilson
Pitching: RHP Cory Fischer
Batting: LHB Eric Farren 0-0: Ball
1-0: Ball
2-0: Ball
3-0: Base on Balls
Batting: RHB Eduardo Calderon 0-0: Ball
1-0: Ball
Eric Farren steals 2nd base
2-0: Called Strike
2-1: 2-RUN HOME RUN (Flyball, 78XD, EV 108.8 MPH), Distance : 420 ft
Batting: LHB Josh George 0-0: Ball
1-0: Foul Ball, location: 2F
1-1: Ball
2-1: Ball
3-1: Foul Ball, location: 2F
3-2: Foul Ball, location: 2F
3-2: SOLO HOME RUN (Flyball, 9LD, EV 96.2 MPH), Distance : 360 ft
Batting: LHB Matt Urbanek 0-0: Called Strike
0-1: SINGLE (Groundball, 6S, EV 69.4 MPH) (infield hit)
Batting: RHB Mark Schultz 0-0: Called Strike
0-1: Swinging Strike
0-2: Ball
1-2: Ball
2-2: Ball
3-2: Base on Balls
Matt Urbanek to second
Pitching: RHP Victor Delgado
Batting: RHB Kyle Reilly 0-0: Called Strike
0-1: Ball
Matt Urbanek steals 3rd base
Mark Schultz to second
1-1: DOUBLE (Line Drive, 78D, EV 101.2 MPH)
Matt Urbanek scores
Mark Schultz scores
Batting: RHB Carlos Morejon 0-0: Ball
1-0: Ball
2-0: Foul Ball, location: 2F
2-1: Ground out 6-3 (Groundball, 6MD, EV 77.5 MPH)
Kyle Reilly to third
Batting: RHB Seung-mun Kim 0-0: Ball
1-0: Called Strike
1-1: Ground out 4-3 (Groundball, 34, EV 103.8 MPH)
Kyle Reilly scores
Batting: RHB Vaclav Been 0-0: Called Strike
0-1: Foul Ball, location: 2F
0-2: Ball
1-2: Ball
2-2: Ball
3-2: Base on Balls
Batting: LHB Eric Farren 0-0: Called Strike
0-1: Foul Ball, location: 2F
0-2: Ball
1-2: Ball
2-2: Ball
3-2: SINGLE (Line Drive, 9LS, EV 110.0 MPH)
Vaclav Been to second
Vaclav Been to third
Pitching: RHP Charles Durand
Batting: RHB Eduardo Calderon 0-0: Ball
Wild Pitch!
Vaclav Been scores
Eric Farren to second
1-0: Swinging Strike
1-1: Ball
2-1: Ball
3-1: Base on Balls
Batting: LHB Josh George 0-0: Called Strike
0-1: Called Strike
0-2: Ball
1-2: Ball
2-2: Strikes out swinging
Top of the 2nd over - 7 runs, 5 hits, 0 errors, 2 left on base; Philadelphia (APP) 8 - Ogden 0
BOTTOM OF THE 2ND
Ogden Raptors batting - Pitching for Philadelphia (APP) Phillies : RHP Manny Cordova
Batting: LHB Tore Bosch 0-0: Ball
1-0: Fly out, F7 (Flyball, 78S, EV 88.8 MPH)
Batting: RHB Kevin Ezell 0-0: Ball
1-0: Swinging Strike
1-1: Ball
2-1: SINGLE (Line Drive, 6D, EV 101.9 MPH)
Batting: RHB Bob Magana 0-0: Called Strike
0-1: Ball
1-1: Swinging Strike
1-2: Strikes out looking
Batting: RHB Charles Blatchford 0-0: Ball
1-0: Ball
2-0: Ball
3-0: Foul Ball, location: 2F
3-1: Called Strike
3-2: Foul Ball, location: 2F
3-2: SINGLE (Groundball, 34D, EV 110.6 MPH)
Kevin Ezell to second
Kevin Ezell to third
Batting: SHB Josh Vaill 0-0: Foul Ball, location: 2F
0-1: Called Strike
0-2: Fly out, F6 (Popup, 6, EV 59.4 MPH)
Bottom of the 2nd over - 0 runs, 2 hits, 0 errors, 2 left on base; Philadelphia (APP) 8 - Ogden 0
TOP OF THE 3RD
Philadelphia (APP) Phillies batting - Pitching for Ogden Raptors : RHP Charles Durand
Batting: LHB Matt Urbanek 0-0: Swinging Strike
0-1: Ball
1-1: SINGLE (Line Drive, 89M, EV 95.0 MPH)
Batting: RHB Mark Schultz 0-0: Foul Ball, location: 2F
0-1: Called Strike
0-2: Ball
1-2: Foul Ball, location: 2F
1-2: Ball
Wild Pitch!
Matt Urbanek to second
2-2: Foul Ball, location: 2F
2-2: Ball
3-2: Foul Ball, location: 2F
3-2: Base on Balls
Pitching: RHP Ramon Luna
Batting: RHB Kyle Reilly 0-0: Fielders Choice at 2nd, 4-6 (Groundball, 4MS, EV 86.2 MPH)
Matt Urbanek to third
Batting: RHB Carlos Morejon 0-0: Ball
1-0: Ball
2-0: Ball
3-0: Called Strike
3-1: Base on Balls
Kyle Reilly to second
Batting: RHB Seung-mun Kim 0-0: Foul Ball, location: 2F
0-1: Ball
1-1: GRAND SLAM HOME RUN (Flyball, 9D, EV 96.9 MPH), Distance : 385 ft
Batting: RHB Vaclav Been 0-0: Called Strike
0-1: Called Strike
0-2: Ball
1-2: Ball
2-2: Ball
3-2: Base on Balls
Batting: LHB Eric Farren 0-0: Ball
1-0: Called Strike
1-1: Foul Ball, location: 2F
1-2: Ball
2-2: Ball
3-2: Base on Balls
Vaclav Been to second
Pitching: RHP Justin Donovan
Batting: RHB Eduardo Calderon 0-0: Called Strike
0-1: Fly out, F9 (Flyball, 9, EV 86.2 MPH)
Batting: LHB Josh George 0-0: Fielders Choice at 2nd, 6-4 (Groundball, 6, EV 98.1 MPH)
Top of the 3rd over - 4 runs, 2 hits, 0 errors, 2 left on base; Philadelphia (APP) 12 - Ogden 0
BOTTOM OF THE 3RD
Ogden Raptors batting - Pitching for Philadelphia (APP) Phillies : RHP Manny Cordova
Batting: SHB Darius Vinson 0-0: Called Strike
0-1: Foul Ball, location: 2F
0-2: Ball
1-2: Ball
2-2: Strikes out swinging
Batting: LHB Santiago Chavira 0-0: Called Strike
0-1: Swinging Strike
0-2: Ball
1-2: Strikes out swinging
Batting: LHB Mike Dickinson 0-0: Foul Ball, location: 2F
0-1: Called Strike
0-2: Fly out, F8 (Flyball, 8RD, EV 100.0 MPH)
Bottom of the 3rd over - 0 runs, 0 hits, 0 errors, 0 left on base; Philadelphia (APP) 12 - Ogden 0
TOP OF THE 4TH
Philadelphia (APP) Phillies batting - Pitching for Ogden Raptors : RHP Justin Donovan
Batting: LHB Matt Urbanek 0-0: Foul Ball, location: 2F
0-1: Ball
1-1: Ball
2-1: Ball
3-1: DOUBLE (Line Drive, 5D, EV 102.5 MPH)
Batting: RHB Mark Schultz 0-0: Called Strike
0-1: Called Strike
0-2: Strikes out looking
Batting: RHB Kyle Reilly 0-0: Ball
1-0: Ball
2-0: DOUBLE (Flyball, 89D, EV 95.0 MPH)
Matt Urbanek scores
Batting: RHB Carlos Morejon 0-0: Foul Ball, location: 2F
0-1: 2-RUN HOME RUN (Flyball, 7LD, EV 92.5 MPH), Distance : 355 ft
Batting: RHB Seung-mun Kim 0-0: Ball
1-0: Ball
2-0: Called Strike
2-1: Swinging Strike
2-2: Foul Ball, location: 2F
2-2: Ball
3-2: Strikes out swinging
Pitching: RHP Luis Hinostroza
Batting: RHB Vaclav Been 0-0: Called Strike
0-1: Hit by Pitch
Batting: LHB Eric Farren 0-0: Ball
1-0: SINGLE (Groundball, 3, EV 97.5 MPH)
Vaclav Been to second
Batting: RHB Eduardo Calderon 0-0: Foul Ball, location: 2F
0-1: Foul Ball, location: 2F
0-2: Ball
1-2: Ball
2-2: Ball
3-2: Strikes out swinging
Top of the 4th over - 3 runs, 4 hits, 0 errors, 2 left on base; Philadelphia (APP) 15 - Ogden 0
BOTTOM OF THE 4TH
Ogden Raptors batting - Pitching for Philadelphia (APP) Phillies : RHP Manny Cordova
Batting: LHB Mitchell Casey 0-0: Called Strike
0-1: Foul Ball, location: 2F
0-2: Ball
1-2: Strikes out swinging
Batting: LHB Tore Bosch 0-0: Swinging Strike
0-1: Fly out, F5 (Line Drive, 5, EV 71.9 MPH)
Batting: RHB Kevin Ezell 0-0: Ball
1-0: SINGLE (Line Drive, 3D, EV 106.2 MPH)
Batting: RHB Bob Magana 0-0: Ball
Wild Pitch!
Kevin Ezell to second
1-0: Foul Ball, location: 2F
1-1: Foul Ball, location: 2F
1-2: Strikes out swinging
Bottom of the 4th over - 0 runs, 1 hit, 0 errors, 1 left on base; Philadelphia (APP) 15 - Ogden 0
TOP OF THE 5TH
Philadelphia (APP) Phillies batting - Pitching for Ogden Raptors : RHP Luis Hinostroza
Batting: LHB Josh George 0-0: Ball
1-0: Ground out 4-3 (Groundball, 4, EV 103.8 MPH)
Batting: LHB Matt Urbanek 0-0: Ball
1-0: Ball
2-0: Ball
3-0: Called Strike
3-1: Base on Balls
Batting: RHB Mark Schultz 0-0: Ball
1-0: Ball
2-0: Ball
Wild Pitch!
Matt Urbanek to second
3-0: Base on Balls
Pitching: RHP Matt Alderson
Batting: RHB Kyle Reilly 0-0: Fly out, F9 (Flyball, 9LM, EV 88.8 MPH)
Runner from 2nd tags up, SAFE at 3rd, no throw by RF
Batting: RHB Carlos Morejon 0-0: Ball
1-0: Ball
2-0: Ball
3-0: Base on Balls
Mark Schultz to second
Batting: RHB Seung-mun Kim 0-0: Called Strike
0-1: Foul Ball, location: 2F
0-2: Ball
1-2: Foul Ball, location: 2F
Balk!
Matt Urbanek scores
Mark Schultz to third
Carlos Morejon to second
1-2: Strikes out swinging, 2-3 out at first.
Top of the 5th over - 1 run, 0 hits, 0 errors, 2 left on base; Philadelphia (APP) 16 - Ogden 0
BOTTOM OF THE 5TH
Ogden Raptors batting - Pitching for Philadelphia (APP) Phillies : RHP Manny Cordova
Batting: RHB Charles Blatchford 0-0: Foul Ball, location: 2F
0-1: Ball
1-1: Ground out 6-3 (Groundball, 6, EV 104.4 MPH)
Batting: SHB Josh Vaill 0-0: Ball
1-0: Called Strike
1-1: Foul Ball, location: 2F
1-2: Ball
2-2: Strikes out swinging
Batting: SHB Darius Vinson 0-0: Ball
1-0: Ball
2-0: Ground out 1-3 (Groundball, 13S, EV 75.6 MPH)
Bottom of the 5th over - 0 runs, 0 hits, 0 errors, 0 left on base; Philadelphia (APP) 16 - Ogden 0
TOP OF THE 6TH
Philadelphia (APP) Phillies batting - Pitching for Ogden Raptors : RHP Matt Alderson
Batting: RHB Vaclav Been 0-0: Swinging Strike
0-1: Called Strike
0-2: SOLO HOME RUN (Flyball, 7D, EV 96.9 MPH), Distance : 381 ft
Batting: LHB Eric Farren 0-0: SINGLE (Groundball, 25, EV 69.4 MPH) (infield hit)
Batting: RHB Eduardo Calderon 0-0: SINGLE (Groundball, P, EV 85.0 MPH) (infield hit)
Eric Farren to second
Batting: LHB Josh George 0-0: Ball
1-0: Swinging Strike
1-1: SINGLE (Line Drive, 34, EV 97.5 MPH)
Eric Farren to third
Eduardo Calderon to second
Pitching: RHP Gary Ming
Batting: LHB Matt Urbanek 0-0: Ball
1-0: Ball
2-0: Ball
3-0: Called Strike
3-1: DOUBLE (Line Drive, 78M, EV 108.8 MPH)
Eric Farren scores
Eduardo Calderon scores
Josh George to third
Batting: RHB Mark Schultz 0-0: Ball
1-0: SINGLE (Groundball, 4M, EV 103.8 MPH) (infield hit)
Josh George scores
Matt Urbanek to third
Batting: RHB Kyle Reilly Pickoff Throw to First - Error! E1
Matt Urbanek scores
Mark Schultz to second
0-0: Called Strike
0-1: SINGLE (Line Drive, 34D, EV 97.5 MPH)
Mark Schultz to third
Batting: RHB Carlos Morejon 0-0: Ball
1-0: Ball
Wild Pitch!
Mark Schultz scores
Kyle Reilly to second
2-0: Ball
3-0: Swinging Strike
3-1: Fly out, F9 (Flyball, 89S, EV 83.8 MPH)
Batting: RHB Seung-mun Kim 0-0: Ball
1-0: Ball
2-0: Called Strike
2-1: Ball
3-1: Base on Balls
Batting: RHB Vaclav Been 0-0: Foul Ball, location: 2F
0-1: Ball
1-1: Ball
2-1: Foul Ball, location: 2F
2-2: Fly out, F4 (Line Drive, 4, EV 65.0 MPH)
Lined into DP, 4-6 (Line Drive, 4, EV 66.9 MPH)
Top of the 6th over - 6 runs, 7 hits, 1 error, 1 left on base; Philadelphia (APP) 22 - Ogden 0
BOTTOM OF THE 6TH
Ogden Raptors batting - Pitching for Philadelphia (APP) Phillies : RHP Manny Cordova
Batting: LHB Santiago Chavira 0-0: Called Strike
0-1: Ball
1-1: Reached on error, E5 (Groundball, 56, EV 78.1 MPH)
Batting: LHB Mike Dickinson 0-0: Called Strike
0-1: Ball
1-1: Called Strike
1-2: Foul Ball, location: 2F
1-2: SINGLE (Line Drive, 89S, EV 111.2 MPH)
Santiago Chavira to second
Batting: LHB Mitchell Casey 0-0: Called Strike
0-1: Foul Ball, location: 2F
0-2: Ball
1-2: Strikes out swinging
Batting: LHB Tore Bosch 0-0: Ball
1-0: Ball
2-0: Foul Ball, location: 2F
2-1: Fly out, F6 (Line Drive, 6, EV 71.9 MPH)
Batting: RHB Kevin Ezell 0-0: Ball
1-0: Foul Ball, location: 2F
1-1: Ball
2-1: Swinging Strike
2-2: Ball
3-2: Strikes out swinging
Bottom of the 6th over - 0 runs, 1 hit, 1 error, 2 left on base; Philadelphia (APP) 22 - Ogden 0
TOP OF THE 7TH
Philadelphia (APP) Phillies batting - Pitching for Ogden Raptors : RHP Gary Ming
Batting: LHB Eric Farren 0-0: Ball
1-0: DOUBLE (Flyball, 78D, EV 106.9 MPH)
Batting: RHB Eduardo Calderon 0-0: Ball
1-0: Ball
2-0: Swinging Strike
2-1: Ball
3-1: Foul Ball, location: 2F
3-2: Base on Balls
Batting: LHB Josh George 0-0: Called Strike
0-1: TRIPLE (Groundball, 3L, EV 105.6 MPH)
Eric Farren scores
Eduardo Calderon scores
Batting: LHB Matt Urbanek 0-0: Ball
1-0: Ball
2-0: Ball
3-0: Base on Balls
Batting: RHB Mark Schultz 0-0: SINGLE (Groundball, 34D, EV 96.9 MPH)
Josh George scores
Matt Urbanek to second
Batting: RHB Kyle Reilly 0-0: Ball
1-0: Called Strike
1-1: Foul Ball, location: 2F
1-2: Ball
2-2: Strikes out swinging
Batting: RHB Carlos Morejon 0-0: Ball
1-0: Foul Ball, location: 2F
1-1: Foul Ball, location: 2F
1-2: Ball
Wild Pitch!
Matt Urbanek to third
Mark Schultz to second
2-2: Ball
3-2: Foul Ball, location: 2F
3-2: Base on Balls
Batting: RHB Seung-mun Kim 0-0: Called Strike
0-1: Swinging Strike
0-2: Ball
1-2: Foul Ball, location: 2F
1-2: Foul Ball, location: 2F
1-2: Ball
2-2: Foul Ball, location: 2F
2-2: Strikes out looking
Batting: RHB Vaclav Been 0-0: Called Strike
0-1: Foul Ball, location: 2F
0-2: SINGLE (Flyball, 6D, EV 90.0 MPH)
Matt Urbanek scores
Mark Schultz to third
Carlos Morejon to second
Runner from 3rd tries for Home, SAFE, throw by CF to home
Batting: LHB Eric Farren 0-0: Ball
1-0: Ball
2-0: Ball
3-0: Base on Balls
Carlos Morejon to third
Vaclav Been to second
Batting: RHB Eduardo Calderon 0-0: Fly out, F7 (Flyball, 7LM, EV 87.5 MPH)
Top of the 7th over - 5 runs, 4 hits, 0 errors, 3 left on base; Philadelphia (APP) 27 - Ogden 0
BOTTOM OF THE 7TH
Ogden Raptors batting - Pitching for Philadelphia (APP) Phillies : RHP Manny Cordova
Batting: RHB Bob Magana 0-0: Called Strike
0-1: Foul Ball, location: 2F
0-2: Strikes out swinging
Batting: RHB Charles Blatchford 0-0: Ground out 1-3 (Groundball, P, EV 69.4 MPH)
Batting: SHB Josh Vaill 0-0: Foul Ball, location: 2F
0-1: Swinging Strike
0-2: Ball
1-2: Strikes out swinging
Bottom of the 7th over - 0 runs, 0 hits, 0 errors, 0 left on base; Philadelphia (APP) 27 - Ogden 0
TOP OF THE 8TH
Philadelphia (APP) Phillies batting - Pitching for Ogden Raptors : RHP Gary Ming
Batting: LHB Josh George 0-0: Fly out, F7 (Flyball, 78S, EV 82.5 MPH)
Batting: LHB Matt Urbanek 0-0: Called Strike
0-1: Ball
1-1: Ball
2-1: Ball
3-1: Base on Balls
Batting: RHB Mark Schultz 0-0: Ball
1-0: Ball
2-0: Foul Ball, location: 2F
2-1: Ball
3-1: Base on Balls
Matt Urbanek to second
Batting: RHB Kyle Reilly 0-0: Fly out, F9 (Line Drive, 9, EV 91.2 MPH)
Batting: RHB Carlos Morejon 0-0: Foul Ball, location: 2F
0-1: Ball
1-1: Ball
2-1: Foul Ball, location: 2F
2-2: Ball
3-2: Fly out, F4 (Popup, 23, EV 83.8 MPH)
Top of the 8th over - 0 runs, 0 hits, 0 errors, 2 left on base; Philadelphia (APP) 27 - Ogden 0
BOTTOM OF THE 8TH
Ogden Raptors batting - Pitching for Philadelphia (APP) Phillies : RHP Manny Cordova
Pitching: RHP Danny Zuniga
Batting: SHB Darius Vinson 0-0: Called Strike
0-1: Swinging Strike
0-2: Ball
1-2: Ball
2-2: Ball
3-2: Base on Balls
Batting: LHB Santiago Chavira 0-0: Swinging Strike
0-1: Swinging Strike
0-2: Strikes out swinging
Pitching: LHP Ignacio Amaya
Batting: LHB Mike Dickinson 0-0: Ball
1-0: Ground out 4-3 (Groundball, 34D, EV 106.9 MPH)
Darius Vinson to second
Batting: LHB Mitchell Casey 0-0: Ball
1-0: Foul Ball, location: 2F
1-1: Ball
2-1: Ball
3-1: Foul Ball, location: 2F
3-2: Base on Balls
Batting: LHB Tore Bosch 0-0: Ball
1-0: Fly out, F8 (Flyball, 8LD, EV 90.0 MPH)
Bottom of the 8th over - 0 runs, 0 hits, 0 errors, 2 left on base; Philadelphia (APP) 27 - Ogden 0
TOP OF THE 9TH
Philadelphia (APP) Phillies batting - Pitching for Ogden Raptors : RHP Gary Ming
Batting: RHB Seung-mun Kim 0-0: Ground out 5-3 (Groundball, 5, EV 83.1 MPH)
Batting: RHB Vaclav Been 0-0: Called Strike
0-1: Called Strike
0-2: Ball
1-2: Ball
2-2: Ball
3-2: Foul Ball, location: 2F
3-2: Base on Balls
Batting: LHB Eric Farren Balk!
Vaclav Been to second
0-0: Ground out 4-3 (Groundball, 4, EV 88.8 MPH)
Vaclav Been to third
Batting: RHB Eduardo Calderon 0-0: Ball
1-0: Ball
2-0: Ball
3-0: Base on Balls
Batting: LHB Josh George 0-0: DOUBLE (Line Drive, 7LD, EV 103.8 MPH)
Vaclav Been scores
Eduardo Calderon to third
Runner from 3rd tries for Home, SAFE, throw by LF to home
Batting: LHB Matt Urbanek 0-0: Ball
1-0: DOUBLE (Line Drive, 78D, EV 102.5 MPH)
Josh George scores
Batting: RHB Mark Schultz 0-0: Fly out, F8 (Flyball, 8RS, EV 86.2 MPH)
Top of the 9th over - 3 runs, 2 hits, 0 errors, 1 left on base; Philadelphia (APP) 30 - Ogden 0
BOTTOM OF THE 9TH
Ogden Raptors batting - Pitching for Philadelphia (APP) Phillies : LHP Ignacio Amaya
Batting: RHB Kevin Ezell 0-0: Foul Ball, location: 2F
0-1: Ball
1-1: Called Strike
1-2: Ball
2-2: Strikes out swinging, 2-3 out at first.
Pitching: RHP Francisco Tejada
Batting: RHB Bob Magana 0-0: Ball
1-0: Foul Ball, location: 2F
1-1: Ball
2-1: SINGLE (Groundball, 4MD, EV 100.0 MPH)
Batting: RHB Charles Blatchford 0-0: Called Strike
0-1: Ball
1-1: Swinging Strike
1-2: Ball
2-2: Ball
3-2: Base on Balls
Bob Magana to second
Batting: SHB Josh Vaill 0-0: Ball
1-0: Ball
2-0: Ball
3-0: Called Strike
3-1: SINGLE (Line Drive, 6M, EV 95.0 MPH)
Bob Magana to third
Charles Blatchford to second
Batting: SHB Darius Vinson 0-0: Called Strike
0-1: Called Strike
0-2: Ball
1-2: Strikes out swinging
Batting: LHB Santiago Chavira 0-0: Swinging Strike
0-1: Called Strike
0-2: Ball
Passed Ball!
Bob Magana scores
Charles Blatchford to third
Josh Vaill to second
1-2: SINGLE (Line Drive, 3D, EV 97.5 MPH)
Charles Blatchford scores
Josh Vaill to third
Batting: LHB Mike Dickinson 0-0: Foul Ball, location: 2F
0-1: Ball
1-1: Swinging Strike
1-2: Ball
2-2: SINGLE (Groundball, 34D, EV 96.9 MPH)
Josh Vaill scores
Santiago Chavira to second
Batting: LHB Mitchell Casey 0-0: Ball
1-0: Ground out 5-3 (Groundball, 56S, EV 82.5 MPH)
Bottom of the 9th over - 3 runs, 4 hits, 0 errors, 2 left on base; Philadelphia (APP) 30 - Ogden 3
Thursday, March 31st , 2022 - OOTP Baseball 22.12 Build 89